 Dungeon Crawl Stone Soup version 0.26-a0-831-g7192265339 (webtiles) character file.

Game seed: 10906745352037028483

43 jiml777 the Gusty (level 3, 0/19 HPs)
             Began as a Deep Elf Air Elementalist on Nov 16, 2020.
             Succumbed to an adder's poison
             ... on level 1 of the Dungeon.
             The game lasted 00:11:34 (1392 turns).

jiml777 the Gusty (Deep Elf Air Elementalist)       Turns: 1392, Time: 00:11:34

Health: 0/19       AC:  3    Str:  2 (5)  XL:     3   Next: 37%
Magic:  10/10      EV: 13    Int: 19 (20) God:
Gold:   67         SH:  0    Dex: 14 (15) Spells: 6/9 levels left

rFire    . . .     SeeInvis .   (no weapon)
rCold    . . .     Faith    .   (no shield)
rNeg     . . .     Spirit   .   a - +1 robe
rPois    .         Reflect  .   (no helmet)
rElec    .         Harm     .   (no cloak)
rCorr    .         Rampage  .   (no gloves)
MR       .....                  (no boots)
Stlth    ++........             (no amulet)
HPRegen  0.06/turn              (no ring)
MPRegen  0.12/turn              (no ring)

@: lethally poisoned (0 -> -9)
A: no striking features
a: no special abilities


You were on level 1 of the Dungeon.
You visited 1 branch of the dungeon, and saw 2 of its levels.

You collected 67 gold pieces.

Inventory:

Armour
 a - a +1 robe (worn)


   Skills:
 + Level 2.6 Dodging
 + Level 2.5 Stealth
 + Level 3.6 Spellcasting
 + Level 2.0 Conjurations
 + Level 3.7 Air Magic


You had 6 spell levels left.
You knew the following spells:

 Your Spells              Type           Power        Failure   Level
a - Shock                 Conj/Air       ##..         4%          1
b - Swiftness             Air            ###.....     4%          2

Your spell library contained the following spells:

 Spells                   Type           Power        Failure   Level
 Static Discharge         Conj/Air       ##......     13%         3
 Airstrike                Air            ###.......   30%         4
 Lightning Bolt           Conj/Air       ##........   77%         5


Dungeon Overview and Level Annotations

Branches:
Dungeon (2/15)

Altars:
Xom


Message History

As you read the scroll labelled ZUNNOI OGROKLU, it crumbles to dust.
It is a scroll of enchant armour.
Your +0 robe glows green for a moment.
You feel sick. The adder barely misses you.
As you read the scroll labelled FIGOEL VUWK, it crumbles to dust.
You feel momentarily disoriented.
It was a scroll of magic mapping.
You feel sick. The adder bites you.
* * * LOW HITPOINT WARNING * * *
The adder barely misses you. The adder bites you but does no damage.
* * * LOW HITPOINT WARNING * * *
You feel sick. The adder closely misses you. The adder misses you.
* * * LOW HITPOINT WARNING * * *
You feel sick. The adder misses you. The adder closely misses you.
The adder bites you.
* * * LOW HITPOINT WARNING * * *
You are more poisoned.
The adder poisons you!
You die...

#.....#####......#
.......).........#
.#...............#
.........##......###
##.......#####.....#
##.......## ###...#
..........## #...#
.....##....# #...#
.#..####.#.# #@S.# ##..#
#...#####.รท## ###.#
#.......#..###### #.#
###.............## #.##
##.............## #..##
#...............# ##..#
#.....(.........#
#####.####...............#
.........................#


You could see an adder.

Vanquished Creatures
  An adder (D:1)
  3 dart slugs (D:1)
  5 hobgoblins (D:1)
  4 jackals (D:1)
  A ball python (D:1)
  3 bats (D:1)
  3 frilled lizards
  2 goblins (D:1)
  3 kobolds (D:1)
  3 rats (D:1)
28 creatures vanquished.

Notes
Turn   | Place    | Note
-------+----------+-------------------------------------------
     0 | D:1      | jiml777 the Deep Elf Air Elementalist began the quest for
                  | the Orb.
     0 | D:1      | Reached XP level 1. HP: 10/10 MP: 6/6
   189 | D:1      | Reached XP level 2. HP: 15/15 MP: 2/8
   427 | D:1      | Learned a level 2 spell: Swiftness
   732 | D:1      | Reached XP level 3. HP: 19/19 MP: 7/10
   885 | D:1      | Found a bloodstained altar of Trog.
   887 | D:1      | Found a hazy altar of Hepliaklqana.
   887 | D:1      | Found a bloodstained altar of Trog.
   889 | D:1      | Found a shimmering altar of Xom.
   889 | D:1      | Found a shimmering altar of Xom.
   889 | D:1      | Found a shimmering altar of Xom.
  1392 | D:1      | Succumbed to an adder's poison

Illustrated notes

Levels and vault maps discovered:
D:1:      eino_arrival_cavern_a, layout_rooms, doesnt_xom_only_xom
D:2:      layout_basic, hex_medium, minmay_unequal

Skill      XL: |  1  2  3 |
---------------+----------+-----
Conjurations   | 2 |  2.0
Dodging        | |  2.6
Stealth        | |  2.5
Spellcasting   | |  3.6
Air Magic      | |  3.7

Action                   || total
-------------------------++-------
 Cast: Shock             ||    62
  Use: Scroll            ||     3
       Potion            ||     1
Armor: Robe              ||     4
Dodge: Dodged            ||    24

Table legend: (Time is in decaauts)
 A = Elapsed time spent in this place.
 B = Non-inter-level travel time spent in this place.
 C = Inter-level travel time spent in this place.
 D = Time resting spent in this place.
 E = Time spent auto-exploring this place.
 F = Levels seen in this place.
 G = Mean time per level.
                   A        B        C        D        E       F      G
               +--------+--------+--------+--------+--------+-----+--------+
         Total |   1393 |   1368 |     25 |    754 |    297 |   2 |  696.5 |
       Dungeon |   1393 |   1368 |     25 |    754 |    297 |   2 |  696.5 |
               +--------+--------+--------+--------+--------+-----+--------+

Top non-repeatable levels by time:
     D:1: 1385 daAuts
     D:2: 8 daAuts
